 Dungeon Crawl Stone Soup version 0.31-a0-1178-gc5c9b8f871 (webtiles) character file.

Game seed: 1906982398570628704

22181 grandjackal the Fighter (level 12, -15/112 HPs)
             Began as a Demonspawn Gladiator on Dec 11, 2023.
             Was a Believer of Dithmenos.
             Killed from afar by Jorgrun (43 damage)
             ... with an iron shot
             ... on level 1 of the Orcish Mines.
             The game lasted 00:19:52 (16078 turns).

grandjackal the Fighter (Demonspawn Gladiator)     Turns: 16078, Time: 00:19:53

Health: -15/112    AC: 18    Str: 23    XL:     12   Next: 60%
Magic:  18/18      EV:  6    Int: 15    God:    Dithmenos [**....]
Gold:   1475       SH:  9    Dex: 15    Spells: 10/11 levels left

rFire   . . .        P - +0 broad axe (freeze)
rCold   . . .        N - +0 buckler
rNeg    . . .        u - +0 chain mail
rPois   .            G - +2 helmet
rElec   .            c - +0 cloak
rCorr   .            n - +0 pair of gloves
SInv    .            q - +2 pair of boots
Will    +....        (no amulet)
Stlth   x              - ring of willpower
HPRegen 0.38/turn    m - +6 ring of intelligence
MPRegen 0.16/turn

%: no passive effects
@: mighty, grasped by roots, wreathed by umbra, constricted
A: powered by pain 3, big brain 1, condensation shield, demonic touch 2, robust
1, strong 1
a: Renounce Religion, Shadow Step


You were on level 1 of the Orcish Mines.
You worshipped Dithmenos.
Dithmenos was pleased with you.
You visited 3 branches of the dungeon, and saw 14 of its levels.
You also visited: Sewer.

You collected 1475 gold pieces.

Inventory:

Hand Weapons
 w - a +4 flail
 y - the +4 sling of Ypel {freeze, +Blink Fly Will+}
   (You found it on level 5 of the Dungeon)

   Will+:     It increases your willpower.
   Fly:       It grants you flight.
   +Blink:    It lets you blink.
 P - a +0 broad axe of freezing (weapon)
Missiles
 d - 2 throwing nets (quivered)
 e - a javelin
Armour
 c - a +0 cloak (worn)
 n - a +0 pair of gloves (worn)
 q - a +2 pair of boots (worn)
 u - a +0 chain mail (worn)
 G - a +2 helmet (worn)
 N - a +0 buckler (worn)
Jewellery
 i - a ring of ice
 m - a +6 ring of intelligence (right hand)
 x - a ring of willpower (left hand)
 C - a ring of fire
 E - a ring of ice
Wands
 f - a wand of charming (9)
 D - a wand of iceblast (3)
 I - a wand of digging (6)
 J - a wand of flame (18)
Scrolls
 a - a scroll of enchant armour {unknown}
 b - 2 scrolls of vulnerability {unknown}
 l - 4 scrolls of blinking
 o - a scroll of immolation
 p - 2 scrolls of revelation {unknown}
 v - a scroll of fear {unknown}
 A - a scroll of amnesia {unknown}
 B - 3 scrolls of poison
 H - a scroll of torment {unknown}
 L - a scroll of brand weapon {unknown}
Potions
 g - a potion of lignification
 h - a potion of ambrosia {unknown}
 j - 4 potions of heal wounds
 k - a potion of might
 r - 3 potions of curing {unknown}
 s - a potion of mutation
 t - 2 potions of cancellation
 z - 3 potions of haste
 F - 2 potions of brilliance
 K - a potion of invisibility {unknown}
 M - a potion of resistance
 O - 2 potions of degeneration {unknown}
 Q - a potion of attraction


   Skills:
 + Level 12.2 Fighting
 + Level 11.4 Axes
 - Level 2.0 Throwing
 + Level 4.6 Armour
 - Level 3.0 Dodging
 - Level 4.0 Shields
 - Level 8.2 Hexes
 + Level 9.2 Invocations


You had 10 spell levels left.
You knew the following spells:

 Your Spells              Type           Power      Damage    Failure   Level
a - Slow                  Hex            96%        N/A       6%          1

Your spell library contained the following spells:

 Spells                   Type           Power      Damage    Failure   Level
 Confusing Touch          Hex            24%        N/A       19%         3
 Sigil of Binding         Hex            24%        N/A       19%         3
 Inner Flame              Hex/Fire       12%        N/A       71%         3
 Freeze                   Ice            0%         1d3       88%         1
 Lesser Beckoning         Tloc           0%         N/A       96%         2
 Poisonous Vapours        Pois/Air       0%         N/A       96%         2
 Frozen Ramparts          Ice            0%         1d1       99%         3
 Gell's Gravitas          Tloc           0%         N/A       99%         3
 Hailstorm                Conj/Ice       0%         3d5       99%         3
 Mephitic Cloud           Conj/Pois/Air  0%         N/A       99%         3
 Teleport Other           Tloc           0%         N/A       99%         3
 Vampiric Draining        Necr           0%         2d6       99%         3
 Freezing Cloud           Conj/Ice/Air   0%         6-21      100%        5
 Yara's Violent Unravell  Hex/Tmut       6%         3d5       100%        5
 Enfeeble                 Hex            12%        N/A       100%        7


Dungeon Overview and Level Annotations

Branches:
Dungeon (12/15)            Temple (1/1) D:6            Lair (0/5) D:11
    Orc (1/2) D:11          Sewer (visited)

Altars:
Ashenzari
Cheibriados
Dithmenos
Fedhas
Gozag
Hepliaklqana
Kikubaaqudgha
Makhleb
Nemelex Xobeh
Okawaru
Qazlal
Ru
Sif Muna
Trog
Uskayaw
Vehumet
Wu Jian
Xom
Yredelemnul

Shops:
Orc:1 *

Portals:
Trove: D:11 (give 4 potions of resistance)

Annotations:
D:6 1 runed translucent door, Frenzy's ghost, novice MiFi
D:9 1 runed translucent door
D:10 3 runed translucent doors
Orc:1 2 transporters, Jorgrun; justen's ghost, journeyman MiFi


Innate Abilities, Weirdness & Mutations

You are powered by pain.
You have an unusually large brain. (Int +2)
A meltable shield of frost defends you. (SH +4)
Your touch may inflict irresistible damage on your foes.
You are robust. (+10% HP)
Your muscles are strong. (Str +4, Int/Dex -1)


Message History

You hit Jorgrun. You freeze Jorgrun.
Jorgrun is severely wounded.
You closely miss the orc warrior. You block Jorgrun's attack.
The orc warrior hits you but does no damage.
You slash Jorgrun! You freeze Jorgrun.
Jorgrun is almost dead.
You slash the orc warrior! You freeze the orc warrior.
The orc warrior closely misses you.
You hit Jorgrun. You freeze Jorgrun.
Jorgrun is almost dead.
You barely miss the orc warrior. Jorgrun casts a spell at you.
Roots burst forth from the earth!
The grasping roots grab you! The grasping roots constrict you!
The orc warrior hits you but does no damage.
You barely miss Jorgrun.
Jorgrun is almost dead.
You slash the orc warrior! You freeze the orc warrior.
You kill the orc warrior!
Dithmenos accepts your kill. Jorgrun gestures at you while chanting.
The iron shot hits you! The grasping roots constrict you!
Jorgrun gestures at you while chanting.
You easily resist.
The grasping roots constrict you!
You slash Jorgrun! You freeze Jorgrun.
Jorgrun is almost dead.
Jorgrun barely misses you. The grasping roots constrict you.
Unknown command.
You barely miss Jorgrun.
Jorgrun is almost dead.
You closely miss Jorgrun.
Jorgrun is almost dead.
You block Jorgrun's attack. The grasping roots constrict you!
* * * LOW HITPOINT WARNING * * *
You closely miss Jorgrun.
Jorgrun is almost dead.
Jorgrun points at you and mumbles some strange words.
The iron shot hits you!!!
You die...

##..... ......
##..
.∩..###.#...
#...........
.....#.....
##..........
###.#g).......
#....@........
#.....).......
#.._...##..##
#...........#
#..........##
###....#.###
#....###
##....#### ##
#....##.##.##


You could see Jorgrun.

Vanquished Creatures
  Snorg (Orc:1)
  A vault guard (D:11)
  6 two-headed ogres
  A boulder beetle (D:12)
  Nergalle (D:11)
  Lodul (D:10)
  An orc knight (D:11)
  Maurice (D:8)
  A cyclops (D:11)
  An ugly thing (D:12)
  A manticore (D:12)
  An orc sorcerer (Orc:1)
  A kobold blastminer (Orc:1)
  A komodo dragon (D:11)
  An unseen horror (D:10)
  4 kobold demonologists
  6 trolls
  Prince Ribbit (D:8)
  3 slime creatures
  3 vampires (D:12)
  A wraith (D:11)
  3 wyverns
  A shadow (D:11)
  9 yaks (D:11)
  3 steam dragons
  2 basilisks
  6 vampire mosquitoes (D:10)
  2 acid dragons
  2 water moccasins
  A sky beast (D:7)
  An ice beast (D:7)
  Pargi (Sewer)
  9 orc warriors
  A black bear (D:6)
  9 ogres
  3 centaurs
  A phantom (D:7)
  5 kobold brigands
  3 bullfrogs
  4 scorpions
  A brain worm (Sewer)
  9 killer bees
  4 howler monkeys
  2 hounds
  A gnoll bouda (D:6)
  11 orc priests
  3 jellies
  3 iguanas
  14 orc wizards
  20 gnolls
  9 adders
  A river rat (D:5)
  A shadow imp (D:6)
  2 worms
  2 dart slugs
  65 orcs
  11 bats
  7 endoplasms
  5 giant cockroaches
  5 goblins
  5 hobgoblins
  26 kobolds
  4 quokkas
  8 ball pythons
  3 frilled lizards
  11 rats
  A butterfly (D:7)
338 creatures vanquished.

Vanquished Creatures (others)
  A kobold blastminer (Orc:1)
1 creature vanquished.

Grand Total: 339 creatures vanquished

Notes
Turn   | Place    | Note
-------+----------+-------------------------------------------
     0 | D:1      | grandjackal the Demonspawn Gladiator began the quest for
                  | the Orb.
     0 | D:1      | Reached XP level 1. HP: 16/16 MP: 1/1
    67 | D:1      | Gained mutation: You sometimes gain a little power by
                  | taking damage. [demonic ancestry]
    67 | D:1      | Reached XP level 2. HP: 15/22 MP: 2/2
   803 | D:1      | Reached XP level 3. HP: 28/28 MP: 3/3
  1103 | D:2      | Found a snail-covered altar of Cheibriados.
  1201 | D:2      | Reached skill level 3 in Fighting
  1219 | D:3      | Gained mutation: Your touch may inflict minor irresistible
                  | damage on your foes. [demonic ancestry]
  1219 | D:3      | Reached XP level 4. HP: 21/35 MP: 4/4
  1450 | D:3      | Found a stormy altar of Qazlal.
  1458 | D:3      | Identified the +1 dagger "Xofudar" {flame, ^Drain rPois
                  | rF+++ rC+}
  1510 | D:2      | Reached XP level 5. HP: 41/42 MP: 5/5
  1653 | D:2      | Reached skill level 4 in Fighting
  1654 | D:2      | Found a faded altar of an unknown god.
  2081 | D:3      | Gained mutation: You have an unusually large brain. (Int
                  | +2) [demonic ancestry]
  2081 | D:3      | Reached XP level 6. HP: 49/49 MP: 6/6
  2631 | D:4      | Identified the +4 sling of Decaying Defiance {elec, Fly
                  | rC+}
  2676 | D:4      | Gained mutation: You are robust. (+10% HP) [potion of
                  | mutation]
  2676 | D:4      | Gained mutation: Your muscles are strong. (Str +4, Int/Dex
                  | -1) [potion of mutation]
  2682 | D:4      | Reached skill level 5 in Axes
  2685 | D:4      | Reached skill level 5 in Fighting
  2928 | D:4      | Reached XP level 7. HP: 55/61 MP: 7/7
  3085 | D:4      | Learned a level 1 spell: Slow
  3094 | D:5      | Entered Level 5 of the Dungeon
  3127 | D:5      | Identified the +4 sling of Ypel {freeze, +Blink Fly Will+}
  3194 | D:5      | Reached skill level 1 in Hexes
  3515 | D:5      | Reached skill level 6 in Fighting
  3549 | D:5      | Found a glowing drain.
  3565 | Sewer    | Entered a sewer
  3677 | Sewer    | Noticed Pargi
  3688 | Sewer    | Killed Pargi
  3689 | Sewer    | Gained mutation: You sometimes gain power by taking damage.
                  | [demonic ancestry]
  3689 | Sewer    | Reached XP level 8. HP: 70/71 MP: 8/8
  4084 | D:5      | Found a shimmering blue altar of Sif Muna.
  4084 | D:5      | Found an ancient bone altar of Kikubaaqudgha.
  4084 | D:5      | Found a radiant altar of Vehumet.
  4084 | D:5      | Found a bloodstained altar of Trog.
  4084 | D:5      | Found a broken altar of Ashenzari.
  4084 | D:5      | Found a shadowy altar of Dithmenos.
  4084 | D:5      | Noticed a slime creature
  4084 | D:5      | Noticed a slime creature
  4354 | D:6      | Found a runed translucent door.
  4368 | D:6      | Noticed Frenzy's ghost (novice MiFi)
  4467 | D:6      | Reached skill level 7 in Fighting
  5104 | D:6      | Found a staircase to the Ecumenical Temple.
  5148 | Temple   | Entered the Ecumenical Temple
  5288 | D:7      | Found a shimmering altar of Xom.
  5303 | D:7      | Reached skill level 5 in Hexes
  5303 | D:7      | Gained mutation: A meltable shield of frost defends you.
                  | (SH +4) [demonic ancestry]
  5303 | D:7      | Reached XP level 9. HP: 55/80 MP: 9/9
  5653 | D:7      | Reached skill level 8 in Fighting
  6215 | D:8      | Noticed Maurice
  6218 | D:8      | Noticed a two-headed ogre
  6507 | D:7      | Killed a two-headed ogre
  6725 | D:8      | Something stole 158 gold
  6727 | D:8      | Something stole 5 throwing nets
  6729 | D:8      | Something stole a ring of ice
  6730 | D:8      | Something stole the +4 sling of Ypel {freeze, +Blink Fly
                  | Will+}
  6747 | D:8      | Maurice stole 310 gold
  6750 | D:8      | Killed Maurice
  6751 | D:8      | Reached skill level 9 in Fighting
  6758 | D:8      | Gained mutation: You are powered by pain. [demonic
                  | ancestry]
  6758 | D:8      | Reached XP level 10. HP: 25/91 MP: 8/10
  7436 | D:8      | Found a sacrificial altar of Ru.
  7522 | D:8      | Noticed a two-headed ogre
  7529 | D:8      | Killed a two-headed ogre
  7530 | D:8      | Found an iron altar of Okawaru.
  7544 | D:8      | Noticed Prince Ribbit
  7693 | D:8      | Killed Prince Ribbit
  7925 | D:8      | Found a shimmering blue altar of Sif Muna.
  7975 | D:8      | Noticed a blizzard demon
  7976 | D:8      | Found a burning altar of Makhleb.
  7981 | D:8      | Noticed an angel
  8772 | D:9      | Found a runed translucent door.
  8773 | D:9      | Noticed a sixfirhy
  9220 | D:9      | Noticed a two-headed ogre
  9221 | D:9      | Found a shadowy altar of Dithmenos.
  9230 | D:9      | Killed a two-headed ogre
  9231 | D:9      | Reached skill level 10 in Fighting
  9236 | D:9      | Became a worshipper of Dithmenos the Shadowed
  9802 | D:10     | Entered Level 10 of the Dungeon
  9961 | D:10     | Reached skill level 1 in Invocations
 10226 | D:10     | Reached skill level 1 in Shields
 10380 | D:10     | Noticed Lodul
 10389 | D:10     | Gained mutation: Your touch may inflict irresistible damage
                  | on your foes. [demonic ancestry]
 10389 | D:10     | Reached XP level 11. HP: 57/101 MP: 13/13
 10390 | D:10     | Killed Lodul
 10945 | D:10     | Noticed a red ugly thing
 10945 | D:10     | Noticed a purple ugly thing
 10945 | D:10     | Noticed a red ugly thing
 10946 | D:10     | Found a runed translucent gate.
 10946 | D:10     | Found a runed translucent gate.
 10946 | D:10     | Found a runed translucent gate.
 10946 | D:10     | Noticed a cyan ugly thing
 10947 | D:10     | Noticed a shining eye
 11047 | D:10     | Noticed a skyshark
 11047 | D:10     | a skyshark changed into a fire crab
 11047 | D:10     | Noticed a fire crab (glowing shapeshifter)
 11081 | D:10     | a yaktaur changed into a steelbarb worm
 11081 | D:10     | Noticed a steelbarb worm (glowing shapeshifter)
 11082 | D:10     | a steelbarb worm changed into a swamp worm
 11090 | D:10     | a swamp worm changed into a glowing orange brain
 11090 | D:10     | Noticed a glowing orange brain (glowing shapeshifter)
 11095 | D:10     | a glowing orange brain changed into an entropy weaver
 11095 | D:10     | Noticed an entropy weaver (glowing shapeshifter)
 11098 | D:10     | an entropy weaver changed into a deep troll
 11098 | D:10     | Noticed a deep troll (glowing shapeshifter)
 11104 | D:10     | a deep troll changed into a torpor snail
 11111 | D:10     | an elephant changed into an ettin
 11111 | D:10     | Noticed an ettin (glowing shapeshifter)
 11115 | D:10     | an ettin changed into a faun
 11118 | D:10     | a faun changed into a glowing shapeshifter
 11118 | D:10     | Noticed a glowing shapeshifter (glowing shapeshifter)
 11119 | D:10     | a glowing shapeshifter changed into a steelbarb worm
 11119 | D:10     | Noticed a steelbarb worm (glowing shapeshifter)
 11121 | D:10     | a steelbarb worm changed into a dream sheep
 11125 | D:10     | a water nymph changed into a radroach
 11125 | D:10     | Noticed a radroach (glowing shapeshifter)
 11126 | D:10     | a radroach changed into a yak
 11129 | D:10     | a blink frog changed into a shock serpent
 11129 | D:10     | Noticed a shock serpent (glowing shapeshifter)
 11130 | D:10     | a shock serpent changed into an eye of devastation
 11139 | D:10     | an elephant changed into an orb spider
 11139 | D:10     | Noticed an orb spider (glowing shapeshifter)
 11149 | D:10     | an orb spider changed into a torpor snail
 11150 | D:10     | a torpor snail changed into an alligator
 11150 | D:10     | Noticed an alligator (glowing shapeshifter)
 11151 | D:10     | an alligator changed into a steelbarb worm
 11151 | D:10     | Noticed a steelbarb worm (glowing shapeshifter)
 11153 | D:10     | a steelbarb worm changed into a fire crab
 11153 | D:10     | Noticed a fire crab (glowing shapeshifter)
 11154 | D:10     | a fire crab changed into a faun
 11156 | D:10     | a snapping turtle changed into a mana viper
 11156 | D:10     | Noticed a mana viper (glowing shapeshifter)
 11157 | D:10     | a mana viper changed into a glass eye
 11588 | D:10     | a blink frog changed into a skyshark
 11588 | D:10     | Noticed a skyshark (glowing shapeshifter)
 11590 | D:10     | a skyshark changed into a redback
 11591 | D:10     | a redback changed into a skyshark
 11591 | D:10     | Noticed a skyshark (glowing shapeshifter)
 11592 | D:10     | a skyshark changed into a culicivora
 11747 | D:11     | Reached * piety under Dithmenos
 11748 | D:11     | Reached skill level 10 in Axes
 11871 | D:11     | Found a staircase to the Orcish Mines.
 12085 | D:11     | Reached skill level 5 in Invocations
 12261 | D:11     | Noticed a two-headed ogre
 12267 | D:11     | Killed a two-headed ogre
 12268 | D:11     | Reached skill level 11 in Fighting
 12740 | D:11     | Reached skill level 1 in Armour
 12746 | D:11     | Found a staircase to the Lair.
 12788 | D:11     | Noticed a vault guard
 12795 | D:11     | HP: 2/102 [vault guard/+3 battleaxe (16)]
 12796 | D:11     | Killed a vault guard
 13066 | D:11     | Found a portal to a secret trove of treasure.
 13094 | D:11     | You fall into a shaft and drop 1 floor!
 13222 | D:12     | Noticed a two-headed ogre
 13226 | D:12     | Noticed a two-headed ogre
 13234 | D:12     | Killed a two-headed ogre
 13235 | D:12     | Killed a two-headed ogre
 13235 | D:12     | Reached ** piety under Dithmenos
 13236 | D:12     | Reached XP level 12. HP: 29/110 MP: 17/17
 13714 | D:11     | Noticed Nergalle
 13729 | D:11     | Killed Nergalle
 14638 | D:12     | Noticed a boulder beetle
 14656 | D:12     | Killed a boulder beetle
 14782 | D:12     | Reached skill level 12 in Fighting
 15333 | Orc:1    | Entered Level 1 of the Orcish Mines
 15340 | Orc:1    | Noticed justen's ghost (journeyman MiFi)
 15344 | Orc:1    | Found a transporter.
 15607 | Orc:1    | Found a transporter.
 15644 | Orc:1    | Paralysed by an orc sorcerer for 4 turns
 15853 | Orc:1    | Noticed Snorg
 15867 | Orc:1    | Killed Snorg
 16053 | Orc:1    | Found Nekof's General Store.
 16055 | Orc:1    | Noticed Jorgrun
 16078 | Orc:1    | Killed from afar by Jorgrun

Illustrated notes

Levels and vault maps discovered:
D:1:      matt_arrival_grand_opening, layout_loops_ring
D:2:      layout_loops_ring, basic_altar, ebering_ecumenical_altar_petrified,
          nrook_mini_backslash, minmay_misc_feat_cross
D:3:      kennysheep_six_static_rooms, layout_rooms, grunt_qazlal_clouds,
          grunt_ministairs_2
D:4:      layout_basic
D:5:      cheibrodos_fertilizer, layout_basic, portal_sewer_entry_b,
          kennysheep_pointless_box
D:6:      nicolae_cairo_tiling_large_dashed, layout_cave_pools,
          minmay_temple_entry_nine_rooms, ebering_ghost_reflecting_pool,
          corexii_hall_statues_i, minmay_crossroads
D:7:      layout_loops_ring, xom_butterflies
D:8:      layout_basic, nicolae_ru_sacrificial_ziggurat,
          nicolae_overflow_hidden_temple, mainiacjoe_overflow_chevrons,
          grunt_temple_overflow_order_and_chaos_2, uniq_prince_ribbit1,
          uniq_maurice
D:9:      cheibrodos_shockbox, layout_stronghold, mainiacjoe_overflow_alcove_2
D:10:     layout_irregular_city, ploomutoo_gammafunk_ghost_potion_laboratory,
          uniq_lodul
D:11:     layout_loops_corners, minmay_lair_entry_grove, orc_david_3,
          special_room [special_room_orc], enter_trove_5, uniq_nergalle
D:12:     layout_loops_ring, minmay_misc_feat_columns
Temple:   hellmonk_temple_forest_ring
Orc:1:    layout_diamond_mine, serial_shops, shop, basic_altar,
          gammafunk_ghost_arena, nicolae_shop_self_help, uniq_snorg,
          uniq_jorgrun

Skill      XL: |  1  2  3  4  5  6  7  8  9 10 11 12 |
---------------+-------------------------------------+-----
Throwing       | 2 |  2.0
Axes           | 3 4 5 6 7 8 9 10 11 | 11.4
Dodging        | 3 |  3.0
Fighting       | 3 4 5 6 7 9 10 11 12 | 12.2
Hexes          | 2 5 7 8 |  8.2
Invocations    | 3 7 9 |  9.2
Shields        | 1 4 |  4.0
Armour         | 2 4 |  4.6

Action                     |  1- 3 |  4- 6 |  7- 9 | 10-12 || total
---------------------------+-------+-------+-------+-------++-------
  Melee: War axe           |    57 |     8 |    19 |     7 ||    91
         Mace              |    33 |   101 |   240 |   108 ||   482
         Touch             |       |    18 |    34 |    24 ||    76
         Punch             |       |       |     4 |     4 ||     8
         Broad axe         |       |       |       |   423 ||   423
  Throw: Throwing net      |       |       |       |     2 ||     2
  Evoke: Wand              |       |       |       |     1 ||     1
    Use: Potion            |       |     4 |     2 |     3 ||     9
         Scroll            |       |       |     7 |     2 ||     9
   Stab: Distracted        |     1 |       |       |       ||     1
         Held in net/web   |       |       |       |     1 ||     1
 Armour: Leather armour    |    51 |     3 |       |       ||    54
         Chain mail        |       |   124 |   289 |   502 ||   915
         Skin              |       |    12 |       |       ||    12
  Dodge: Dodged            |    76 |    70 |   182 |   176 ||   504
  Block: Other             |       |       |    21 |    20 ||    41
         Buckler           |       |       |       |   161 ||   161

Table legend: (Time is in decaauts)
 A = Elapsed time spent in this place.
 B = Non-inter-level travel time spent in this place.
 C = Inter-level travel time spent in this place.
 D = Time resting spent in this place.
 E = Time spent auto-exploring this place.
 F = Levels seen in this place.
 G = Mean time per level.
                   A        B        C        D        E       F      G
               +--------+--------+--------+--------+--------+-----+--------+
         Total |  16270 |  15773 |    497 |   4982 |   7664 |  15 | 1084.7 |
       Dungeon |  15650 |  15160 |    490 |   4824 |   7473 |  12 | 1304.2 |
        Temple |     29 |     23 |      6 |      0 |      0 |   1 |   29.0 |
  Orcish Mines |    423 |    423 |      0 |     78 |    182 |   1 |  423.0 |
         Sewer |    166 |    166 |      0 |     80 |      9 |   1 |  166.0 |
               +--------+--------+--------+--------+--------+-----+--------+

Top non-repeatable levels by time:
    D:11: 2493 daAuts
     D:9: 2055 daAuts
    D:12: 1592 daAuts
     D:7: 1467 daAuts
    D:10: 1401 daAuts
     D:6: 1210 daAuts
     D:8: 1209 daAuts
     D:5: 1067 daAuts
     D:2: 901 daAuts
     D:1: 863 daAuts
     D:3: 735 daAuts
     D:4: 653 daAuts
   Orc:1: 423 daAuts
   Sewer: 166 daAuts
  Temple: 29 daAuts
